 Dungeon Crawl Stone Soup version 0.29-a0-384-g6960b1960d (webtiles) character file.

Game seed: 5316604529796487418

2 avis the Skirmisher (level 1, -4/22 HPs)
             Began as an Ogre Warper on May 7, 2022.
             Slain by a kobold
             ... wielding a +0 whip
              (5 damage)
             ... on level 1 of the Dungeon.
             The game lasted 00:01:12 (114 turns).

avis the Skirmisher (Ogre Warper)                    Turns: 114, Time: 00:01:13

Health: -4/22      AC:  3    Str: 14    XL:     1   Next: 30%
Magic:  3/3        EV:  9    Int: 14    God:
Gold:   18         SH:  0    Dex:  8    Spells: 4/4 levels left

rFire   . . .      SeeInvis .   a - +0 mace
rCold   . . .      Faith    .   (no shield)
rNeg    . . .      Spirit   .   e - +0 robe
rPois   .          Reflect  .   (helmet restricted)
rElec   .          Harm     .   (no cloak)
rCorr   .          Rampage  .   (gloves unavailable)
Will    .....                   (boots unavailable)
Stlth   +.........              (no amulet)
HPRegen 0.07/turn               (no ring)
MPRegen 0.08/turn               (no ring)

@: no status effects
A: large, unfitting armour, tough skin 1
a: no special abilities


You were on level 1 of the Dungeon.
You visited 1 branch of the dungeon, and saw 1 of its levels.

You collected 18 gold pieces.

Inventory:

Hand Weapons
 a - a +0 mace (weapon)
Missiles
 b - 5 large rocks
 d - 6 boomerangs of dispersal (quivered)
Armour
 e - a +0 robe (worn)
Scrolls
 c - a scroll of blinking


   Skills:
 + Level 2.9 Fighting
 * Level 1.8 Maces & Flails
 - Level 1.0 Throwing
 - Level 2.1 Dodging
 - Level 2.4 Spellcasting
 - Level 2.6 Translocations


You had 4 spell levels left.
You didn't know any spells.
Your spell library contained the following spells:

 Spells                   Type           Power      Damage    Failure   Level
 Blink                    Tloc           18%        N/A       12%         2
 Gell's Gravitas          Tloc           9%         N/A       22%         3
 Lesser Beckoning         Tloc           9%         N/A       22%         3
 Teleport Other           Tloc           9%         N/A       22%         3
 Manifold Assault         Tloc           9%         N/A       91%         5


Dungeon Overview and Level Annotations

Branches:
Dungeon (1/15)

Altars:


Innate Abilities, Weirdness & Mutations

You are too large for most types of armour.
You have tough skin. (AC +1)


Message History

You see here a +0 dagger.
You hit the rat.
You kill the rat!
Found 5 large rocks.
You now have 18 gold pieces (gained 10).
You see here 5 large rocks.
e - 5 large rocks Adjust (i)tems, (s)pells, or (a)bilities?
e - 5 large rocks Adjust to which letter? (? for menu, Esc to quit)
b - 5 large rocks;
e - a +0 robe (worn)
You are now empty-handed.
a - a +0 mace (weapon)
Adjust (i)tems, (s)pells, or (a)bilities?
Okay, then.
There is a stone staircase leading down here.
A kobold comes into view. It is wielding a +0 whip.
You closely miss the kobold. The kobold hits you but does no damage.
The kobold hits you with a +0 whip.
You closely miss the kobold. The kobold hits you with a +0 whip.
You barely miss the kobold. The kobold hits you with a +0 whip.
You closely miss the kobold. The kobold hits you with a +0 whip.
You closely miss the kobold. The kobold completely misses you.
The kobold hits you but does no damage.
You barely miss the kobold. The kobold barely misses you.
You barely miss the kobold. The kobold hits you with a +0 whip.
You completely miss the kobold. The kobold barely misses you.
The kobold hits you with a +0 whip.
* * * LOW HITPOINT WARNING * * *
You hit the kobold.
The kobold is severely wounded.
The kobold hits you with a +0 whip.
* * * LOW HITPOINT WARNING * * *
Throw: 7 boomerangs (disperse)
Press: ? - help, Q - select action, (/) - cycle Shift-Dir - straight line, f - kobold
Aim: a kobold, wielding a +0 whip and quivering stones (severely wounded, 45% to hit)
You throw a boomerang of dispersal.
The boomerang of dispersal closely misses the kobold.
The kobold hits you with a +0 whip.
You die...

#.......#
#.#####.# #.#
#.# #.# #.# #.#
#.# #.#####.#
#.......######..
#...............
#@..#.#.######.#
#K###.#.# #..
..#.# #####.#.#
#.#.# #.#.#
#.#.#


You could see a kobold.

Vanquished Creatures
  A goblin (D:1)
  A rat (D:1)
2 creatures vanquished.

Notes
Turn   | Place    | Note
-------+----------+-------------------------------------------
     0 | D:1      | avis the Ogre Warper began the quest for the Orb.
     0 | D:1      | Reached XP level 1. HP: 22/22 MP: 3/3
   113 | D:1      | HP: 1/22 [kobold/+0 whip (4)]
   114 | D:1      | Slain by a kobold

Illustrated notes

Levels and vault maps discovered:
D:1:      dpeg_arrival_tiny_k, layout_loops_ring

Action                   || total
-------------------------++-------
Melee: Mace              ||    12
Throw: Boomerang         ||     1
Armor: Robe              ||     3
Dodge: Dodged            ||     3

Table legend: (Time is in decaauts)
 A = Elapsed time spent in this place.
 B = Non-inter-level travel time spent in this place.
 C = Inter-level travel time spent in this place.
 D = Time resting spent in this place.
 E = Time spent auto-exploring this place.
 F = Levels seen in this place.
 G = Mean time per level.
                   A        B        C        D        E       F      G
               +--------+--------+--------+--------+--------+-----+--------+
         Total |    116 |    116 |      0 |      0 |     85 |   1 |  116.0 |
       Dungeon |    116 |    116 |      0 |      0 |     85 |   1 |  116.0 |
               +--------+--------+--------+--------+--------+-----+--------+

Top non-repeatable levels by time:
     D:1: 116 daAuts
